 Dungeon Crawl Stone Soup version 0.26-a0-651-gb41185065b (webtiles) character file.

Game seed: 7156243433676198985

1951 Mesmaeker13 the Slinger (level 9, -3/61 HPs)
             Began as a Halfling Hunter on Oct 28, 2020.
             Killed by divine providence
             ... invoked by an orc priest
              (11 damage)
             ... on level 6 of the Dungeon.
             The game lasted 00:14:33 (7376 turns).

Mesmaeker13 the Slinger (Halfling Hunter)           Turns: 7376, Time: 00:14:34

Health: -3/61      AC:  5    Str: 13    XL:     9   Next: 41%
Magic:  9/9        EV: 20    Int: 12    God:
Gold:   356        SH:  0    Dex: 21    Spells: 8/8 levels left

rFire    . . .     SeeInvis .   h - -1 hunting sling (curse)
rCold    . . .     Faith    .   (shield restricted)
rNeg     . . .     Spirit   .   u - +0 steam dragon scales
rPois    .         Reflect  .   (no helmet)
rElec    .         Harm     .   (no cloak)
rCorr    .         Rampage  .   (no gloves)
MR       .....     Rnd*Tele +   (no boots)
Stlth    ++++......             (no amulet)
HPRegen  0.20/turn              l - +6 ring of dexterity
MPRegen  0.11/turn              y - ring of teleportation (curse)

@: no status effects
A: small, mutation resistance 1
a: no special abilities


You were on level 6 of the Dungeon.
You visited 1 branch of the dungeon, and saw 6 of its levels.

You collected 356 gold pieces.

Inventory:

Hand Weapons
 a - a +2 hunting sling
 h - a cursed -1 hunting sling (weapon)
 m - a +0 short sword of electrocution
Missiles
 d - 39 sling bullets (quivered)
 j - 164 stones
 x - 11 poisoned darts
Armour
 u - +0 steam dragon scales (worn)
Jewellery
 f - an uncursed ring of stealth
 l - a +6 ring of dexterity (left hand)
 n - an uncursed ring of positive energy
 r - an uncursed ring of resist corrosion
 y - a cursed ring of teleportation (right hand)
Scrolls
 g - 2 scrolls of immolation
 i - 4 scrolls of teleportation
 k - 2 scrolls of enchant weapon
 v - a scroll of amnesia
Potions
 b - a potion of lignification {unknown}
 c - a potion of curing
 e - 2 potions of mutation {unknown}
 o - a potion of brilliance
 p - a potion of degeneration {unknown}
 q - a potion of might {unknown}
 s - a potion of stabbing {unknown}
 t - a potion of ambrosia {unknown}
 w - 2 potions of magic {unknown}


   Skills:
 + Level 5.0 Fighting
 + Level 5.9 Short Blades
 + Level 9.5 Slings
 + Level 6.1 Dodging
 + Level 6.2 Stealth


You had 8 spell levels left.
You didn't know any spells.
Your spell library was empty.

Dungeon Overview and Level Annotations

Branches:
Dungeon (6/15)             Temple (0/1) D:6

Altars:
Cheibriados
Elyvilon
Gozag
Kikubaaqudgha
Makhleb
Okawaru
Trog
Uskayaw
Vehumet
Wu Jian
Xom
Yredelemnul

Shops:
D:4 !

Annotations:
D:6 Eustachio


Innate Abilities, Weirdness & Mutations

You are small and have problems with some larger weapons.
You are somewhat resistant to further mutation.


Message History

The orc priest is moderately wounded.
The orc priest invokes the aid of Beogh against you.
Beogh smites you!
* * * LOW HITPOINT WARNING * * *
Firing (i - inventory. (/) - cycle)
d - 41 sling bullets (quivered)
Press: ? - help, Shift-Dir - straight line, f/p - orc priest
Aim: an orc priest, wielding a +0 flail and wearing a +0 leather armour (moderately wounded)
You shoot a sling bullet. The sling bullet hits the orc priest!
The orc priest is severely wounded.
You feel strangely unstable.
You are suddenly yanked towards some nearby monsters!
Your surroundings seem slightly different.
Firing (i - inventory. (/) - cycle)
d - 40 sling bullets (quivered)
Press: ? - help, Shift-Dir - straight line, f/p - orc priest
Aim: an orc priest, wielding a +0 flail and wearing a +0 leather armour (severely wounded)
You shoot a sling bullet.
The sling bullet barely misses the orc priest.
The orc priest mumbles some strange prayers to Beogh against you.
Beogh smites you!
You die...

#.# #.# #.# #. #.# ##+## #.# #.#
##...## #.# #.### ##.....## ## #.#
## #.#.## ##(.@....## ##.##.#
.####....####..o.....?####...#.#
...........().........+........##
โ‰ˆ.###....####...ยง.....##.........
โ‰ˆ## #.#.## ##.......###.##.##.#.
โ‰ˆ# #...# ##.....## #.##.##.#. .#
###.# ##o..## #.##.##.#. .# #.#
##+## #.##....#. ## #.# #.##..###.


You could see 2 orc priests.

Vanquished Creatures
  Maggie (D:6)
  Prince Ribbit (D:6)
  A hippogriff (D:5)
  Edmund (D:6)
  A phantom (D:5)
  A black bear (D:6)
  An ice beast (D:3)
  A centaur (D:5)
  2 ogres
  A necrophage (D:6)
  A scorpion (D:5)
  A crimson imp (D:3)
  4 orc wizards
  A centaur skeleton (D:4)
  3 orc priests
  4 worker ants
  6 adders
  An ufetubus (D:5)
  An ooze (D:5)
  A worm (D:4)
  2 dart slugs
  3 leopard geckos
  11 orcs
  2 ball pythons
  6 bats
  11 giant cockroaches
  11 hobgoblins
  19 jackals
  2 quokkas
  4 frilled lizards
  14 goblins
  7 kobolds
  9 rats
135 creatures vanquished.

Vanquished Creatures (others)
  A human (D:4)
  A plant (D:1)
2 creatures vanquished.

Grand Total: 137 creatures vanquished

Notes
Turn   | Place    | Note
-------+----------+-------------------------------------------
     0 | D:1      | Mesmaeker13 the Halfling Hunter began the quest for the
                  | Orb.
     0 | D:1      | Reached XP level 1. HP: 14/14 MP: 1/1
    66 | D:1      | Reached skill level 6 in Slings
    66 | D:1      | Reached XP level 2. HP: 19/19 MP: 2/2
   399 | D:1      | Reached XP level 3. HP: 24/24 MP: 3/3
  1174 | D:2      | Reached skill level 1 in Short Blades
  1434 | D:2      | Reached XP level 4. HP: 29/29 MP: 4/4
  2382 | D:3      | Reached XP level 5. HP: 22/35 MP: 5/5
  2650 | D:3      | Noticed an ice beast
  2686 | D:3      | Killed an ice beast
  2686 | D:3      | Reached XP level 6. HP: 26/41 MP: 6/6
  3039 | D:3      | Found an ornate altar of the Wu Jian Council.
  3071 | D:3      | Reached skill level 7 in Slings
  3087 | D:3      | Found a snail-covered altar of Cheibriados.
  3284 | D:3      | Found a burning altar of Makhleb.
  3285 | D:3      | Found a shimmering altar of Xom.
  3646 | D:4      | Noticed an ogre
  3672 | D:4      | Killed an ogre
  3672 | D:4      | Reached XP level 7. HP: 42/46 MP: 7/7
  3705 | D:4      | Found an iron altar of Okawaru.
  3847 | D:4      | Found a hide-covered altar of Uskayaw.
  3847 | D:4      | Found a bloodstained altar of Trog.
  3848 | D:4      | Found a radiant altar of Vehumet.
  4049 | D:4      | Found Ylla's Distillery.
  4087 | D:4      | Found an opulent altar of Gozag.
  4285 | D:4      | Found an ancient bone altar of Kikubaaqudgha.
  4299 | D:4      | Noticed a human
  4300 | D:4      | Killed a human
  4321 | D:4      | Found a basalt altar of Yredelemnul.
  4322 | D:4      | Found a white marble altar of Elyvilon.
  4398 | D:5      | Entered Level 5 of the Dungeon
  4488 | D:5      | Noticed a hippogriff
  4503 | D:5      | Killed a hippogriff
  4647 | D:5      | Reached skill level 8 in Slings
  4647 | D:5      | Reached XP level 8. HP: 36/54 MP: 8/8
  5464 | D:5      | Reached skill level 5 in Dodging
  5645 | D:6      | Noticed Eustachio
  5731 | D:6      | Noticed Prince Ribbit
  5821 | D:6      | Found a staircase to the Ecumenical Temple.
  5845 | D:6      | Reached skill level 5 in Stealth
  5911 | D:6      | Noticed Edmund
  5942 | D:6      | Killed Edmund
  5955 | D:6      | HP: 2/54 [necrophage (3)]
  5957 | D:6      | Reached skill level 5 in Short Blades
  6472 | D:6      | Noticed Maggie
  6507 | D:6      | Killed Maggie
  6507 | D:6      | Reached skill level 9 in Slings
  6507 | D:6      | Reached XP level 9. HP: 5/59 MP: 9/9
  6986 | D:6      | Killed Prince Ribbit
  6986 | D:6      | Reached skill level 5 in Fighting
  7376 | D:6      | Killed from afar by an orc priest

Illustrated notes

Levels and vault maps discovered:
D:1:      ncdulo_smallfort, layout_rooms, serial_forest,
          infiniplex_forest_straight_4, infiniplex_forest_lined_3,
          infiniplex_forest_end_2, infiniplex_forest_end_2,
          infiniplex_forest_straight_4, infiniplex_forest_clump_small,
          infiniplex_forest_clump_curved
D:2:      layout_loops_ring
D:3:      layout_loops_ring, grunt_temple_overflow_champion_of_chaos,
          cheibriados_altar_1, old_standard_altar, serial_glass,
          glass_columns_a, glass_columns_a, due_unseen_surprise,
          feat_on_display, item_on_display_a, feat_on_display
D:4:      layout_loops_ring, nicolae_overflow_hidden_temple,
          nicolae_gozag_cash_rules_everything_around_me,
          chequers_temple_overflow_statue_of_worship, serial_shops, shop,
          tgw_kikubaaqudgha
D:5:      layout_loops_cross
D:6:      minmay_thinvault, layout_loops_corners, minmay_temple_entry_mist,
          uniq_eustachio, uniq_prince_ribbit1, uniq_maggie, uniq_edmund

Skill      XL: |  1  2  3  4  5  6  7  8  9 |
---------------+----------------------------+-----
Slings         | 6 7 8 9 |  9.5
Fighting       | 2 3 4 5 |  5.0
Stealth        | 2 3 4 5 6 |  6.2
Short Blades   | 1 2 3 4 5 |  5.9
Dodging        | 3 4 5 6 |  6.1

Action                   |  1- 3 |  4- 6 |  7- 9 || total
-------------------------+-------+-------+-------++-------
Melee: Short sword       |   100 |   109 |    60 ||   269
 Fire: Hunting sling     |    21 |    32 |   216 ||   269
  Use: Scroll            |       |     4 |    10 ||    14
       Potion            |       |       |     3 ||     3
 Stab: Sleeping          |       |    11 |     2 ||    13
       Distracted        |       |       |     1 ||     1
Armor: Leather armour    |    30 |    14 |    12 ||    56
       Steam dragon scal |       |       |     8 ||     8
Dodge: Dodged            |    76 |    64 |   101 ||   241

Table legend: (Time is in decaauts)
 A = Elapsed time spent in this place.
 B = Non-inter-level travel time spent in this place.
 C = Inter-level travel time spent in this place.
 D = Time resting spent in this place.
 E = Time spent auto-exploring this place.
 F = Levels seen in this place.
 G = Mean time per level.
                   A        B        C        D        E       F      G
               +--------+--------+--------+--------+--------+-----+--------+
         Total |   7310 |   7198 |    112 |   2368 |   3574 |   6 | 1218.3 |
       Dungeon |   7310 |   7198 |    112 |   2368 |   3574 |   6 | 1218.3 |
               +--------+--------+--------+--------+--------+-----+--------+

Top non-repeatable levels by time:
     D:6: 1735 daAuts
     D:1: 1244 daAuts
     D:5: 1187 daAuts
     D:3: 1133 daAuts
     D:2: 1107 daAuts
     D:4: 902 daAuts
